AoeStats
← 布丁

MegaRandom

507639156Analyzed
4v4 RM · 13d ago on Sep 19, 2026· 63m 19s· 8 players
Game mode
Random Map
Map size
Large (8 player)
Population
200
Speed
Normal
Resources
Standard
Victory
Conquest
Starting age
Dark Age
Ending age
Imperial Age
RankedLock teamsTeams togetherTeam positionsShared explorationLock speedFull tech treeHidden civsTurbo modeCheats
Victory
Defeat
🇲🇽 Vikings · Mexico
1016
+12
🇪🇨 Persians · Ecuador
915
+16
🇺🇸 Vikings · United States
887
+17
🇲🇽 Celts · Mexico
863
+18
🇨🇳 Wei · China
937
-17
🇩🇪 Persians · Germany
922
-16
🇵🇪 Romans · Peru
915
-16
🇹🇼 Goths · Taiwan
877
-14
guseshu
1:33 Loom
11:18 Feudal Age
12:19 Town Watch
12:29 Double-Bit Axe
20:37 Castle Age
20:41 Fletching
20:41 Crossbowman
21:30 Pikeman
28:51 Padded Archer Armor
33:26 Bodkin Arrow
33:42 Squires
34:23 Leather Archer Armor
36:32 Forging
37:55 Ballistics
37:16 Treadmill Crane
41:40 Imperial Age
39:37 Scale Mail Armor
40:13 Gold Mining
40:13 Stone Mining
40:12 Horse Collar
42:42 Conscription
46:39 Bracer
47:49 Bogsveigar
50:07 Gold Shaft Mining
49:36 Heavy Plow
50:10 Chain Mail Armor
50:06 Elite Skirmisher
51:40 Arbalester
53:37 Ring Archer Armor
53:13 Chieftains
56:36 Plate Mail Armor
56:41 Iron Casting
55:43 Elite Berserk
57:56 Capped Ram
60:30 Bow Saw
60:14 Stone Mining
63:04 Town Patrol
lapizon
12:05 Feudal Age
13:03 Double-Bit Axe
19:56 Castle Age
18:00 Gold Mining
18:18 Stone Mining
18:13 Horse Collar
19:08 Forging
20:36 Heavy Plow
21:02 Bow Saw
21:03 Scale Barding Armor
21:47 Husbandry
26:35 Wheelbarrow
28:00 Stronghold
30:08 Iron Casting
31:09 Hand Cart
38:21 Imperial Age
36:32 Gold Shaft Mining
36:32 Stone Shaft Mining
37:59 Loom
38:04 Town Watch
38:25 Cavalier
40:07 Blast Furnace
39:28 Chain Barding Armor
39:31 Onager
41:29 Paladin
42:06 Fletching
42:16 Padded Archer Armor
42:17 Scale Mail Armor
42:49 Town Patrol
42:48 Bodkin Arrow
43:07 Furor Celtica
43:25 Conscription
44:27 Light Cavalry
44:32 Pikeman
44:57 Gambesons
44:58 Arson
45:34 Chain Mail Armor
54:50 Siege Onager
CoronaVirus
4:23 Loom
13:42 Feudal Age
19:52 Castle Age
20:00 Double-Bit Axe
19:58 Horse Collar
20:11 Gold Mining
20:14 Stone Mining
21:03 Pikeman
21:48 Squires
25:59 Heavy Plow
26:41 Scale Mail Armor
27:26 Gold Shaft Mining
26:56 Man-at-Arms
27:23 Gambesons
30:36 Bow Saw
30:28 Long Swordsman
30:55 Arson
31:35 Town Watch
35:55 Imperial Age
33:43 Forging
33:49 Chain Mail Armor
35:02 Iron Casting
34:31 Chieftains
35:53 Caravan
35:58 Fletching
36:01 Two-Handed Swordsman
37:04 Conscription
37:18 Crop Rotation
38:20 Blast Furnace
37:52 Plate Mail Armor
37:27 Champion
Manzur1995
7:55 Loom
11:08 Feudal Age
12:30 Wheelbarrow
12:26 Double-Bit Axe
16:17 Forging
17:37 Bloodlines
18:00 Scale Barding Armor
23:39 Castle Age
23:29 Gold Mining
24:12 Husbandry
26:24 Chain Barding Armor
27:49 Iron Casting
30:07 Hand Cart
30:05 Bow Saw
30:12 Fletching
35:59 Masonry
36:09 Murder Holes
39:35 Imperial Age
40:04 Kamandaran
42:13 Conscription
43:42 Chemistry
43:00 Bodkin Arrow
43:08 Padded Archer Armor
42:46 Light Cavalry
45:08 Two-Man Saw
44:46 Thumb Ring
44:02 Crossbowman
46:13 Parthian Tactics
48:57 Ballistics
49:59 Citadels
50:24 Elite War Elephant
56:56 Plate Barding Armor
57:23 Blast Furnace
58:28 Gold Shaft Mining
WeLoveRust
5:21 Loom
12:30 Feudal Age
16:10 Castle Age
14:13 Double-Bit Axe
14:29 Horse Collar
18:01 Wheelbarrow
20:30 Stone Mining
21:15 Bow Saw
25:57 Gold Mining
26:36 Heavy Plow
27:32 Stone Shaft Mining
30:32 Gold Shaft Mining
32:09 Pikeman
32:49 Squires
32:59 Scale Barding Armor
33:05 Forging
32:56 Scale Mail Armor
32:56 Padded Archer Armor
35:29 Imperial Age
33:25 Husbandry
34:29 Chain Barding Armor
36:30 Cavalier
36:33 Halberdier
37:53 Plate Barding Armor
37:53 Iron Casting
37:34 Chain Mail Armor
37:35 Leather Archer Armor
39:24 Crop Rotation
39:58 Two-Man Saw
39:23 Caravan
39:02 Savar
42:22 Chemistry
41:43 Ballistics
42:08 Hand Cart
41:45 Town Watch
42:33 Conscription
47:45 Plate Mail Armor
48:16 Blast Furnace
47:47 Ring Archer Armor
54:56 Fletching
55:24 Masonry
55:27 Citadels
CERBERO
9:45 Loom
14:38 Feudal Age
19:01 Castle Age
21:14 Double-Bit Axe
21:12 Horse Collar
24:47 Pikeman
25:53 Bow Saw
37:14 Imperial Age
35:21 Wheelbarrow
36:02 Squires
36:51 Forging
36:41 Scale Mail Armor
39:29 Iron Casting
38:54 Scale Mail Armor
38:34 Man-at-Arms
38:35 Halberdier
39:35 Hand Cart
39:26 Heavy Plow
39:20 Long Swordsman
40:57 Chain Mail Armor
41:56 Legionary
43:38 Blast Furnace
44:06 Crop Rotation
45:05 Comitatenses
45:06 Conscription
46:02 Capped Ram
48:37 Siege Ram
54:32 Heavy Scorpion
55:18 Gold Mining
56:12 Ballistas
57:47 Chemistry
星之清风
1:15 Loom
12:13 Feudal Age
17:16 Castle Age
16:10 Gold Mining
16:13 Double-Bit Axe
18:33 Bloodlines
18:44 Scale Barding Armor
19:26 Bloodlines
19:16 Husbandry
21:34 Forging
22:20 Horse Collar
22:28 Town Watch
24:05 Stone Mining
30:28 Wheelbarrow
33:30 Hand Cart
36:32 Bow Saw
40:43 Treadmill Crane
43:42 Imperial Age
42:25 Masonry
42:36 Ballistics
49:26 Parthian Tactics
48:57 Fletching
49:08 Padded Archer Armor
49:19 Heavy Plow
49:40 Thumb Ring
49:34 Bodkin Arrow
50:43 Chemistry
50:03 Ballistics
51:31 Bracer
51:46 Leather Archer Armor
52:27 Elite Skirmisher
53:52 Ring Archer Armor
布丁
0:47 Loom
12:19 Feudal Age
16:44 Castle Age
16:06 Double-Bit Axe
16:53 Horse Collar
17:55 Wheelbarrow
17:41 Stone Mining
23:29 Hand Cart
25:56 Pikeman
29:01 Squires
39:15 Imperial Age
40:47 Halberdier
41:53 Perfusion
41:55 Anarchy
44:38 Chemistry
45:17 Scale Mail Armor
45:28 Forging
47:13 Chain Mail Armor
47:34 Iron Casting
53:00 Elite Skirmisher
Connection lost

Rejoining the realm…

Still unreachable

The connection could not be restored.

Session expired

The server has moved on; the page needs a fresh start.